 Dungeon Crawl Stone Soup version 0.21.1-1-g345015fe64 (webtiles) character file.

9833 Lennu the Blocker (level 11, -5/84 HPs)
             Began as a Formicid Fighter on May 25, 2018.
             Was a Priest of Elyvilon (penitent).
             Slain by a six-headed hydra (7 damage)
             ... on level 1 of the Lair of Beasts.
             The game lasted 00:31:51 (11358 turns).

Lennu the Blocker (Formicid Fighter)               Turns: 11358, Time: 00:31:52

Health: -5/84      AC: 13    Str: 20    XL:     11   Next: 81%
Magic:  3/3        EV: 13    Int:  9    God:    Elyvilon [*]
Gold:   313        SH: 15    Dex:  8    Spells: 10/10 levels left

rFire    . . .     SeeInvis +   y - +2 dire flail (antimagic)
rCold    . . .     Gourm    .   v - +3 shield {rN+}
rNeg     + + +     Faith    +   r - +3 ring mail {MR+}
rPois    +         Spirit   .   (helmet unavailable)
rElec    +         Reflect  .   p - +2 cloak {rPois}
rCorr    .         Harm     .   (no gloves)
MR       +++..                  (no boots)
Stlth    +.........             d - amulet of faith
HPRegen  0.24/turn              e - ring "Hokism" {+Fly rElec rN+ MR+ Dex-5}
MPRegen  0.08/turn              j - ring of positive energy

@: no status effects
A: permanent stasis, dig shafts and tunnels, four strong arms, antennae 3
a: Dig, Shaft Self, Renounce Religion, Evoke Flight


You were on level 1 of the Lair of Beasts.
You worshipped Elyvilon.
Elyvilon was demanding penance.
You were not hungry.

You visited 3 branches of the dungeon, and saw 11 of its levels.

You collected 882 gold pieces.
You spent 569 gold pieces at shops.

Inventory:

Hand Weapons
 h - a +0 whip of electrocution
 y - a +2 antimagic dire flail (weapon)
Armour
 p - a +2 cloak of poison resistance (worn)
 r - a +3 ring mail of magic resistance (worn)
 v - a +3 shield of positive energy (worn)
Jewellery
 d - an amulet of faith (around neck)
 e - the ring "Hokism" (left hand) {+Fly rElec rN+ MR+ Dex-5}
   (You found it on level 5 of the Dungeon)

   [ring of flight]

   It affects your dexterity (-5).
   It insulates you from electricity.
   It protects you from negative energy.
   It affects your resistance to hostile enchantments.
   It lets you fly.
 j - a ring of positive energy (right hand)
 k - a +4 ring of intelligence
 C - an uncursed ring of protection from magic
Wands
 l - a wand of polymorph (11)
 o - a wand of flame (18)
 t - a wand of digging (10)
Scrolls
 a - 3 scrolls of magic mapping
 b - a scroll of amnesia
 i - a scroll of fog
 m - 5 scrolls of enchant armour
 q - 3 scrolls of remove curse
 s - 3 scrolls of enchant weapon
 x - 4 scrolls of identify
Potions
 g - 4 potions of curing
 n - a potion of resistance
 w - 4 potions of heal wounds
 z - 2 potions of might
 A - a potion of haste {unknown}
Books
 c - the Handbook of Igneous Venom
   (You found it on level 9 of the Dungeon)

   Spells                             Type                      Level
   a - Conjure Flame                  Conjuration/Fire             3
   b - Inner Flame                    Hexes/Fire                   3
   c - Spider Form                    Transmutation/Poison         3
   d - Bolt of Magma                  Conjuration/Fire/Earth       5
   e - Alistair's Intoxication        Transmutation/Poison         5
 u - a book of Enchantments

   Spells                             Type                      Level
   a - Cause Fear                     Hexes                        4
   b - Yara's Violent Unravelling     Hexes/Transmutation          5
   c - Silence                        Hexes/Air                    5
   d - Deflect Missiles               Charms/Air                   6
   e - Discord                        Hexes                        8
 B - a book of Conjurations

   Spells                             Type                      Level
   a - Magic Dart                     Conjuration                  1
   b - Searing Ray                    Conjuration                  2
   c - Dazzling Spray                 Conjuration/Hexes            3
   d - Fulminant Prism                Conjuration/Hexes            4
   e - Force Lance                    Conjuration/Translocation    4
   f - Iskenderun's Mystic Blast      Conjuration                  4
Comestibles
 f - 17 rations


   Skills:
 * Level 7.5 Fighting
 * Level 10.6 Maces & Flails
 * Level 8.4 Armour
 * Level 5.5 Dodging
 + Level 2.1 Stealth
 * Level 11.0 Shields
 + Level 0.8 Invocations
 + Level 0.1 Evocations


You had 10 spell levels left.
You didn't know any spells.

Dungeon Overview and Level Annotations

Branches:
Dungeon (9/15)             Temple (1/1) D:7            Lair (1/6) D:9
    Orc: D:9-12

Altars:
Cheibriados
Dithmenos
Elyvilon
Fedhas
Gozag
Kikubaaqudgha
Makhleb
Nemelex Xobeh
Okawaru
Ru
Sif Muna
Trog
Uskayaw
Wu Jian
Xom
Yredelemnul
Zin
The Shining One

Shops:
D:6 }   D:7 ?(?*=   D:8 (


Innate Abilities, Weirdness & Mutations

You cannot be hasted, slowed, berserked, paralysed or teleported.
You can dig through walls and to a lower floor.
Your four strong arms can wield two-handed weapons with a shield.
You have a pair of large antennae on your head. (SInv)


Message History

The six-headed hydra bites you.
* * * LOW HITPOINT WARNING * * *
Okay, then.
Your ring mail prevents you from hitting the six-headed hydra.
The six-headed hydra is moderately wounded.
The six-headed hydra barely misses you.
You block the six-headed hydra's attack.
The six-headed hydra bites you but does no damage. x2
The six-headed hydra bites you.
* * * LOW HITPOINT WARNING * * *
You block the six-headed hydra's attack.
You puncture the six-headed hydra!
The six-headed hydra is heavily wounded.
You impale the six-headed hydra!!
The six-headed hydra is severely wounded.
The six-headed hydra bites you.
* * * LOW HITPOINT WARNING * * *
The six-headed hydra bites you but does no damage.
The six-headed hydra bites you!
You die...

.....§..........######.##.##
##≈#§§....................#
≈≈≈≈#.....................#
≈≈≈≈#...........##.###.##..#
§§≈≈#...........######..#..#
§≈§≈............#.........##
≈≈≈≈#...........#.##.P#####
#####..........D#.##.##
#####...........@.##.#
#####...........#.##.#
................#.P#.#
.##.....!.............
.###..................
.###....................
...#....................
........................
...#...............


You could see a six-headed hydra.

Vanquished Creatures
  Gastronok (Lair:1)
  Harold (Lair:1)
  Joseph (D:8)
  The ghost of Thargor the Shield-Bearer, a novice FoFi (D:5)
  A black mamba (Lair:1)
  A spiny frog (Lair:1)
  2 komodo dragons (Lair:1)
  2 trolls (D:9)
  Grinder (D:4)
  2 hippogriffs
  A vampire (D:7)
  A wyvern (D:8)
  Sigmund (D:2)
  A hungry ghost (D:7)
  Menkaure (D:4)
  A porcupine (Lair:1)
  A water moccasin (Lair:1)
  An orc warrior (D:5)
  A sky beast (D:5)
  3 ice beasts
  2 black bears
  3 ogres
  A necrophage (D:9)
  2 phantoms
  A centaur (D:5)
  2 crocodiles (Lair:1)
  Blork the orc (D:4)
  7 bullfrogs
  A scorpion (D:8)
  10 killer bees
  3 wights (D:8)
  3 electric eels
  3 howler monkeys
  2 crimson imps (D:5)
  6 hounds
  2 bullfrog zombies
  A gnoll shaman (D:6)
  A jelly (D:7)
  A human zombie (D:3)
  2 orc priests
  Crazy Yiuf (D:2)
  6 orc wizards
  A centaur skeleton (D:2)
  2 iguanas
  Natasha (thrice) (D:4)
  5 worker ants
  A killer bee zombie (D:9)
  3 worker ant zombies
  Robin (D:3)
  5 gnolls (D:6)
  9 adders
  4 shadow imps
  An ooze (D:2)
  4 dart slugs
  3 leopard geckos
  17 orcs
  3 ball pythons
  3 bats (D:1)
  5 giant cockroaches
  19 goblins
  12 hobgoblins
  4 jackals (D:6)
  7 quokkas
  3 frilled lizards
  A jackal skeleton (D:8)
  6 kobolds
  A quokka zombie (D:5)
  4 rats
213 creatures vanquished.

Vanquished Creatures (others)
  A human (D:3)
1 creature vanquished.

Grand Total: 214 creatures vanquished

Notes
Turn   | Place    | Note
-------+----------+-------------------------------------------
     0 | D:1      | Lennu the Formicid Fighter began the quest for the Orb.
     0 | D:1      | Reached XP level 1. HP: 18/18 MP: 1/1
   261 | D:1      | Reached XP level 2. HP: 21/24 MP: 2/2
   808 | D:1      | Reached skill level 4 in Shields
   813 | D:1      | Reached XP level 3. HP: 29/29 MP: 3/3
  1169 | D:2      | Reached XP level 4. HP: 35/36 MP: 4/4
  1205 | D:2      | Noticed Sigmund
  1215 | D:2      | Killed Sigmund
  1215 | D:2      | Reached XP level 5. HP: 20/42 MP: 5/5
  1215 | D:2      | Reached XP level 6. HP: 22/48 MP: 6/6
  1500 | D:2      | Reached skill level 1 in Dodging
  1589 | D:2      | Found a sacrificial altar of Ru.
  1739 | D:2      | Found a runed door.
  1835 | D:2      | Noticed Crazy Yiuf
  1842 | D:2      | Killed Crazy Yiuf
  1842 | D:2      | Reached skill level 5 in Shields
  2144 | D:3      | Found an ancient bone altar of Kikubaaqudgha.
  2145 | D:3      | Noticed a human
  2147 | D:3      | Killed a human
  2441 | D:3      | Noticed Robin
  2481 | D:3      | Killed Robin
  2481 | D:3      | Reached XP level 7. HP: 49/54 MP: 7/7
  2584 | D:3      | Reached skill level 5 in Armour
  2806 | D:4      | Noticed Menkaure
  2816 | D:4      | Killed Menkaure
  3096 | D:4      | Noticed Blork the orc
  3104 | D:4      | Killed Blork the orc
  3150 | D:4      | Noticed Grinder
  3165 | D:4      | Killed Grinder
  3165 | D:4      | Reached skill level 5 in Maces & Flails
  3165 | D:4      | Reached skill level 6 in Shields
  3165 | D:4      | Reached XP level 8. HP: 54/61 MP: 8/8
  3269 | D:4      | Noticed Natasha
  3272 | D:4      | Killed Natasha
  3484 | D:4      | Noticed Natasha
  3494 | D:4      | Killed Natasha
  3626 | D:4      | Noticed Natasha
  3635 | D:4      | Killed Natasha
  3657 | D:5      | Entered Level 5 of the Dungeon
  3694 | D:5      | Reached skill level 5 in Fighting
  4085 | D:5      | Reached XP level 9. HP: 65/68 MP: 9/9
  4111 | D:5      | Noticed Thargor's ghost (novice FoFi)
  4122 | D:5      | Killed Thargor's ghost
  4122 | D:5      | Reached skill level 7 in Shields
  4335 | D:5      | Got a twisted ring mail
  4346 | D:5      | Identified the +4 ring mail of Utsutu {*Drain Int+8} (You found it on level 5 of the Dungeon)
  4408 | D:5      | Got a faintly glowing bone ring
  4409 | D:5      | Identified the ring "Hokism" {+Fly rElec rN+ MR+ Dex-5} (You found it on level 5 of the Dungeon)
  5182 | D:6      | Reached skill level 1 in Stealth
  5700 | D:6      | Reached skill level 8 in Shields
  6223 | D:6      | Found Assog's Gadget Emporium.
  6429 | D:7      | Found a transporter.
  6435 | D:7      | Found a transporter.
  6438 | D:7      | Found an ancient bone altar of Kikubaaqudgha.
  6438 | D:7      | Found a basalt altar of Yredelemnul.
  6467 | D:7      | Reached XP level 10. HP: 68/76 MP: 10/10
  6469 | D:7      | Found Zadgheaxu's Magic Scroll Shop.
  6509 | D:7      | Bought a scroll of identify for 30 gold pieces
  6509 | D:7      | Bought a scroll of enchant weapon for 112 gold pieces
  6509 | D:7      | Bought a scroll of enchant armour for 112 gold pieces
  6509 | D:7      | Bought a scroll of enchant weapon for 112 gold pieces
  6527 | D:7      | Found a staircase to the Ecumenical Temple.
  6532 | D:7      | Found Reingyly's Assorted Antiques.
  6608 | Temple   | Entered the Ecumenical Temple
  6738 | Temple   | Became a worshipper of Elyvilon the Healer
  6786 | D:7      | Found a bloodstained altar of Trog.
  6786 | D:7      | Found a hide-covered altar of Uskayaw.
  6865 | D:7      | Found Yqin's Magic Scroll Emporium.
  6883 | D:7      | Found Tutoq's Antique Weapon Shoppe.
  7175 | D:7      | Found Viubeism's Jewellery Shoppe.
  7713 | D:8      | Noticed Joseph
  7717 | D:8      | Reached * piety under Elyvilon
  7732 | D:8      | Killed Joseph
  7732 | D:8      | Reached skill level 9 in Shields
  8367 | D:8      | Found Roxzyohe's Antique Weapon Shoppe.
  8375 | D:8      | Bought a runed dire flail for 203 gold pieces
  8669 | D:8      | Reached ** piety under Elyvilon
  8844 | D:9      | Found a glowing silver altar of Zin.
  8845 | D:9      | Found a blossoming altar of Fedhas.
  8847 | D:9      | Found an iron altar of Okawaru.
  8847 | D:9      | Found an opulent altar of Gozag.
  8848 | D:9      | Found a snail-covered altar of Cheibriados.
  9295 | D:9      | Found a staircase to the Lair.
  9296 | D:9      | Identified the Handbook of Igneous Venom
  9298 | D:9      | Reached *** piety under Elyvilon
  9305 | D:9      | Reached XP level 11. HP: 83/83 MP: 3/11
  9561 | D:9      | Reached skill level 10 in Shields
 10048 | Lair:1   | Entered Level 1 of the Lair of Beasts
 10107 | Lair:1   | Reached skill level 5 in Dodging
 10136 | Lair:1   | Noticed Gastronok
 10160 | Lair:1   | Killed Gastronok
 10160 | Lair:1   | Reached skill level 10 in Maces & Flails
 10676 | Lair:1   | Elyvilon protects you from harm!
 10678 | Lair:1   | Was placed under penance by Elyvilon
 11050 | Lair:1   | Noticed Harold
 11066 | Lair:1   | Killed Harold
 11066 | Lair:1   | Reached skill level 11 in Shields
 11338 | Lair:1   | Noticed a six-headed hydra
 11356 | Lair:1   | HP: 3/84 [six-headed hydra (6)]
 11358 | Lair:1   | Slain by a six-headed hydra

Skill      XL: |  1  2  3  4  5  6  7  8  9 10 11 |
---------------+----------------------------------+-----
Shields        | 4 5 6 8 9 11 | 11.0
Armour         | 4 5 6 7 8 |  8.4
Maces & Flails | 3 4 5 6 7 9 10 | 10.6
Dodging        | 1 2 3 4 5 |  5.5
Fighting       | 4 5 6 7 |  7.5
Stealth        | 1 2 |  2.1
Invocations    | |  0.8
Evocations     | |  0.1

Action                   |  1- 3 |  4- 6 |  7- 9 | 10-12 || total
-------------------------+-------+-------+-------+-------++-------
Melee: Flail             |    38 |       |       |   114 ||   152
       Whip              |    41 |   151 |   396 |   114 ||   702
       Dire flail        |       |       |       |   246 ||   246
Invok: Lesser Healing    |       |       |       |     6 ||     6
       Divine Protection |       |       |       |     1 ||     1
 Abil: Dig               |       |     1 |       |       ||     1
       Evoke Flight      |       |       |     1 |     1 ||     2
  Use: Potion            |       |     1 |     4 |       ||     5
       Scroll            |       |     3 |    11 |     6 ||    20
  Eat: Chunk             |     1 |     4 |    10 |    12 ||    27
       Ration            |       |       |     1 |     2 ||     3
Armor: Scale mail        |    31 |    35 |    57 |       ||   123
       Ring mail         |       |       |    47 |   100 ||   147
Dodge: Dodged            |    31 |    43 |    88 |   133 ||   295
Block: Shield            |    47 |    66 |   198 |   306 ||   617
